 Dungeon Crawl Stone Soup version 0.21-a0-509-gecc5317 (webtiles) character file.

56 Hafrunt the Skirmisher (level 3, 0/33 HPs)
             Began as a Minotaur Berserker on Nov 29, 2017.
             Was a Believer of Trog.
             Slain by an adder (3 damage)
             ... on level 2 of the Dungeon.
             The game lasted 00:01:49 (1067 turns).

Hafrunt the Skirmisher (Minotaur Berserker)         Turns: 1067, Time: 00:01:50

Health: 0/33       AC:  4    Str: 22    XL:     3   Next: 69%
Magic:  2/2        EV: 12    Int:  4    God:    Trog [**....]
Gold:   45         SH:  0    Dex:  9    Spells: 2/2 levels left

rFire    . . .     SeeInvis .   a - +0 falchion
rCold    . . .     Gourm    .   (no shield)
rNeg     . . .     Faith    .   b - +0 animal skin
rPois    .         Spirit   .   (helmet restricted)
rElec    .         Reflect  .   (no cloak)
rCorr    .         Harm     .   m - +0 pair of gloves
MR       .....                  g - +0 pair of boots
Stlth    +.........             (no amulet)
HPRegen  0.11/turn              (no ring)
MPRegen  0.08/turn              (no ring)

@: berserk cooldown, slowed, very slow
A: retaliatory headbutt, horns 2
a: Berserk, Trog's Hand, Burn Spellbooks, Renounce Religion


You were on level 2 of the Dungeon.
You worshipped Trog.
Trog was pleased with you.
You were very hungry.

You visited 1 branch of the dungeon, and saw 2 of its levels.

You collected 45 gold pieces.

Inventory:

Hand Weapons
 a - a +0 falchion (weapon)
Armour
 b - a +0 animal skin (worn)
 g - a +0 pair of boots (worn)
 m - a +0 pair of gloves (worn)
Jewellery
 j - an uncursed amulet of guardian spirit {unknown}
Scrolls
 d - a scroll of fear {unknown}
 f - 4 scrolls of teleportation {unknown}
 h - 2 scrolls of remove curse {unknown}
 l - a scroll of random uselessness {unknown}
Potions
 e - a potion of berserk rage {unknown}
 k - a potion of lignification {unknown}
 n - a potion of heal wounds {unknown}
 p - 3 potions of resistance {unknown}
 q - a potion of agility {unknown}
Comestibles
 c - 2 bread rations
 i - a meat ration
 o - 6 chunks of flesh


   Skills:
 + Level 4.2 Fighting
 + Level 4.2 Long Blades
 + Level 3.2 Armour
 + Level 2.9 Dodging


You had 2 spell levels left.
You didn't know any spells.

Dungeon Overview and Level Annotations

Branches:
Dungeon (2/15)

Altars:


Innate Abilities, Weirdness & Mutations

You reflexively headbutt those who attack you in melee.
You have a pair of horns on your head.


Message History

You closely miss the goblin. The goblin hits you but does no damage.
You slash the goblin!
You kill the goblin!
Trog accepts your kill.
You closely miss Robin. Robin hits you with a mace.
* * * LOW HITPOINT WARNING * * *
You slash Robin!
Robin is heavily wounded.
You slash Robin!
You kill Robin!
Trog accepts your kill.
An adder comes into view.
You are no longer berserk.
You are exhausted.
You feel yourself slow down.
Items here: ! ))) [[ †† Butcher the hobgoblin corpse of Robin? [(y)es/(c)hoosy/(n)o/(a)ll/(e)dible/(q)uit/?]
You butcher the hobgoblin corpse of Robin.
You butcher the hobgoblin corpse.
The adder bites you.
You die...

##### ...#
#######.########
#.###.....(........#
......#####.######.#
#...@)))..)$.##.#####
#..S####.###.##......
....... #.# #######
...#..# #.# .. #..
..# # #.. ..#
#.######## #. ..#
#......... .. .#
#.######.# .........


You could see an adder.

Vanquished Creatures
  Robin (D:2)
  2 dart slugs
  A leopard gecko (D:2)
  9 goblins (D:2)
  9 hobgoblins
  4 jackals (D:2)
  2 bats
  3 frilled lizards
  2 kobolds (D:1)
  4 rats
37 creatures vanquished.

Notes
Turn   | Place    | Note
-------+----------+-------------------------------------------
     0 | D:1      | Hafrunt the Minotaur Berserker began the quest for the Orb.
     0 | D:1      | Reached XP level 1. HP: 19/19 MP: 0/0
   481 | D:1      | Reached XP level 2. HP: 27/27 MP: 1/1
  1025 | D:2      | Noticed Robin
  1028 | D:2      | Reached ** piety under Trog
  1028 | D:2      | Reached XP level 3. HP: 30/33 MP: 2/2
  1064 | D:2      | Killed Robin
  1067 | D:2      | Slain by an adder

Vault maps used:
D:1:      sevenhm_arrival_forest_fort_large_2, bh_walls_and_bars
D:2:      grunt_gozag_statues, uniq_robin, uniq_natasha

Skill      XL: |  1  2 |
---------------+-------+-----
Fighting       | 4 |  4.2
Long Blades    | 4 |  4.2
Armour         | 3 |  3.2
Dodging        | |  2.9

Action                   || total
-------------------------++-------
Melee: Falchion          ||    88
       Headbutt          ||     9
Invok: Berserk           ||     1
Armor: Animal skin       ||    28
Dodge: Dodged            ||    61
       Rpst.: Falchion   ||    15

Table legend:
 A = Spawn XP
 B = Non-spawn XP
 C = Spawn XP percentage of total XP
 D = Spawn monster count
 E = Non-spawn monster count
 F = Spawn count percentage of total count
 G = Total turns spent on level
                    A         B        C        D         E        F      G
               +---------+---------+-------+---------+---------+-------+---------
         Total |       0 |      80 |   0.0 |       0 |      37 |   0.0 |  1067
               +---------+---------+-------+---------+---------+-------+---------
           D:1 |       0 |      21 |   0.0 |       0 |      13 |   0.0 |   921
           D:2 |       0 |      59 |   0.0 |       0 |      24 |   0.0 |   146
               +---------+---------+-------+---------+---------+-------+---------
